 Dungeon Sprint DCSS version 0.25.1-2-g60ff931df9 (webtiles) character file.

Game seed: 17092840955017477164

971 listentometal the Basher (level 8, 0/87 HPs)
             Began as an Ogre Berserker on Oct 23, 2020.
             Was a Priest of Trog.
             Slain by a quasit (1 damage)
             ... summoned by a kobold demonologist
             ... in the Dungeon (Sprint I: "Red Sonja").
             The game lasted 00:01:15 (426 turns).

listentometal the Basher (Ogre Berserker)            Turns: 426, Time: 00:01:15

Health: 0/87       AC:  3    Str: 23    XL:     8   Next: 16%
Magic:  8/8        EV: 11    Int:  8    God:    Trog [***...]
Gold:   414        SH:  0    Dex:  9    Spells: 7/7 levels left

rFire    . . .     SeeInvis .   k - +0 giant club
rCold    . . .     Gourm    .   (shield currently unavailable)
rNeg     . . .     Faith    .   b - +0 animal skin
rPois    .         Spirit   .   (helmet restricted)
rElec    .         Reflect  .   (no cloak)
rCorr    .         Harm     .   (gloves unavailable)
MR       ++...     NoTele   +   (boots unavailable)
Stlth    +.........             (no amulet)
HPRegen  1.24/turn              (no ring)
MPRegen  0.11/turn              (no ring)

@: berserk cooldown, regenerating, slowed, very slow
A: large, unfitting armour, tough skin 1
a: Berserk, Trog's Hand, Renounce Religion


You were in the Dungeon.
You worshipped Trog.
Trog was most pleased with you.
You were hungry.

You visited 1 branch You collected 414 gold pieces.

Inventory:

Hand Weapons
 a - a +0 mace
 k - a +0 giant club (weapon)
Armour
 b - a +0 animal skin (worn)
Wands
 j - a wand of flame (12)
Scrolls
 i - a scroll of blinking
Potions
 d - a potion of curing
 e - 2 potions of heal wounds
 f - a potion of haste
 g - 2 potions of magic
 h - a potion of berserk rage
Comestibles
 c - a ration
 l - 3 chunks of flesh


   Skills:
 + Level 7.5 Fighting
 * Level 14.2 Maces & Flails
 + Level 5.2 Dodging


You had 7 spell levels left.
You didn't know any spells.
Your spell library was empty.

Dungeon Overview and Level Annotations

Branches:
Dungeon (1/1)

Altars:
Cheibriados
Dithmenos
Elyvilon
Fedhas
Gozag
Hepliaklqana
Kikubaaqudgha
Makhleb
Nemelex Xobeh
Okawaru
Qazlal
Ru
Sif Muna
Trog
Uskayaw
Vehumet
Wu Jian
Xom
Yredelemnul
Zin
The Shining One
Jiyva
Lugonu

Shops:
D }


Innate Abilities, Weirdness & Mutations

You are too large for most types of armour.
You have tough skin. (AC +1)


Message History

The quasit claws you but does no damage.
The quasit claws you.
The kobold demonologist mumbles some strange words.
The crimson imp hits you. The orange demon stings you from afar.
The chaos spawn gores you. The chaos spawn shocks you!
The quasit bites you but does no damage.
The quasit claws you.
The quasit claws you but does no damage.
The kobold demonologist hits you with a +0 dagger.
Unknown command.
You barely miss the kobold demonologist.
The quasit bites you. The quasit barely misses you.
The quasit closely misses you. The crimson imp hits you.
* * * LOW HITPOINT WARNING * * *
The orange demon closely misses you. The chaos spawn gores you!
* * * LOW HITPOINT WARNING * * *
The chaos spawn shocks you!
* * * LOW HITPOINT WARNING * * *
The quasit closely misses you. The quasit claws you.
You die...

####################
'..#.)'..#__#.45@4.#
#..'..#..'^.'..#K54#
##'#####'#__####§..+
#..#...#.#### #####
####..##.#
___##'#_.+
∩...÷..._#
.__##_.#'#
___###+#(#


You could see an orange demon (summoned), a kobold demonologist, a chaos spawn
(summoned), a red devil (summoned), a quasit (summoned) and a crimson imp
(summoned).

Vanquished Creatures
  A kobold demonologist (D)
  A slime creature (D)
  Sigmund (D)
  A yak (D)
  A floating eye (D)
  An ogre (D)
  A jelly (D)
  Ijyb (D)
8 creatures vanquished.

Notes
Turn   | Place    | Note
-------+----------+-------------------------------------------
     0 | D        | listentometal the Ogre Berserker began the quest for the
                  | Orb.
     0 | D        | Reached XP level 1. HP: 24/24 MP: 1/1
     1 | D        | Noticed Ijyb
    10 | D        | Killed Ijyb
    10 | D        | Reached skill level 5 in Maces & Flails
    10 | D        | Reached XP level 2. HP: 12/32 MP: 2/2
    10 | D        | Reached XP level 3. HP: 14/39 MP: 3/3
   223 | D        | Noticed an ogre
   229 | D        | Killed an ogre
   229 | D        | Reached skill level 8 in Maces & Flails
   229 | D        | Reached XP level 4. HP: 48/48 MP: 4/4
   271 | D        | Noticed Sigmund
   277 | D        | Killed Sigmund
   277 | D        | Reached ** piety under Trog
   277 | D        | Reached skill level 11 in Maces & Flails
   277 | D        | Reached XP level 5. HP: 54/54 MP: 5/5
   277 | D        | Reached XP level 6. HP: 62/62 MP: 6/6
   314 | D        | Found an ornate altar of the Wu Jian Council.
   314 | D        | Found a shimmering blue altar of Sif Muna.
   316 | D        | Found a radiant altar of Vehumet.
   330 | D        | Found Agguhueb's Gadget Emporium.
   330 | D        | Found an ancient bone altar of Kikubaaqudgha.
   330 | D        | Found a hazy altar of Hepliaklqana.
   330 | D        | Found a stormy altar of Qazlal.
   330 | D        | Found a hide-covered altar of Uskayaw.
   330 | D        | Found a blossoming altar of Fedhas.
   330 | D        | Found a bloodstained altar of Trog.
   330 | D        | Found an iron altar of Okawaru.
   330 | D        | Found a basalt altar of Yredelemnul.
   330 | D        | Found a glowing golden altar of the Shining One.
   330 | D        | Found a snail-covered altar of Cheibriados.
   330 | D        | Found a sacrificial altar of Ru.
   330 | D        | Found a glowing silver altar of Zin.
   330 | D        | Found a shadowy altar of Dithmenos.
   330 | D        | Found a white marble altar of Elyvilon.
   330 | D        | Noticed a yak
   335 | D        | Killed a yak
   335 | D        | Reached skill level 13 in Maces & Flails
   335 | D        | Reached XP level 7. HP: 67/70 MP: 7/7
   336 | D        | Found an opulent altar of Gozag.
   340 | D        | Found a sparkling altar of Nemelex Xobeh.
   356 | D        | Found a burning altar of Makhleb.
   356 | D        | Found a viscous altar of Jiyva.
   356 | D        | Found a shimmering altar of Xom.
   356 | D        | Found a corrupted altar of Lugonu.
   356 | D        | Noticed a slime creature
   361 | D        | Killed a slime creature
   361 | D        | Reached *** piety under Trog
   361 | D        | Reached skill level 5 in Fighting
   408 | D        | Noticed a kobold demonologist
   409 | D        | Noticed a kobold demonologist
   415 | D        | Noticed a chaos spawn
   415 | D        | Noticed a red devil
   418 | D        | Noticed an orange demon
   424 | D        | Killed a kobold demonologist
   424 | D        | Reached skill level 14 in Maces & Flails
   424 | D        | Reached skill level 5 in Dodging
   424 | D        | Reached XP level 8. HP: 66/87 MP: 8/8
   426 | D        | Noticed a red devil
   426 | D        | HP: 1/87 [chaos spawn[a kobold demonologist] (8)]
   426 | D        | Slain by a quasit

Illustrated notes

Levels and vault maps discovered:
D:        dungeon_sprint_1 [red_sonja_temple_1, red_sonja_temple_small_1]

Skill      XL: |  1  2  3  4  5  6  7 |
---------------+----------------------+-----
Maces & Flails | 5 8 11 13 14 | 14.2
Fighting       | 7 |  7.5
Dodging        | 5 |  5.2

Action                   |  1- 3 |  4- 6 |  7- 9 || total
-------------------------+-------+-------+-------++-------
Melee: Mace              |    13 |       |       ||    13
       Giant club        |       |    10 |    19 ||    29
Invok: Berserk           |     2 |     1 |     2 ||     5
       Trog's Hand       |       |       |     1 ||     1
  Eat: Chunk             |       |       |     3 ||     3
Armor: Animal skin       |       |       |    18 ||    18
Dodge: Dodged            |     2 |     7 |    26 ||    35
